 Dungeon Crawl Stone Soup version 0.30-a0-627-gc11e7ae810 (webtiles) character file.

Game seed: 12107535793509000115

526 Oxelix the Poker (level 7, -3/63 HPs)
             Began as a Minotaur Fighter on Jan 12, 2023.
             Slain by a wyvern zombie (10 damage)
             ... in an ossuary.
             The game lasted 00:04:38 (2475 turns).

Oxelix the Poker (Minotaur Fighter)                 Turns: 2475, Time: 00:04:38

Health: -3/63      AC:  8    Str: 23    XL:     7   Next: 2%
Magic:  6/6        EV:  9    Int:  5    God:
Gold:   75         SH:  4    Dex:  9    Spells: 6/6 levels left

rFire   . . .      SeeInvis .    r - +11 sling "Voadwoshu" {elec, Will+}
rCold   . . .      Faith    .    c - +0 buckler
rNeg    . . .      Spirit   .    b - +0 scale mail
rPois   .          Reflect  .    (helmet restricted)
rElec   .          Harm     .    (no cloak)
rCorr   .          Rampage  .    j - +0 pair of gloves
Will    ++...                    (no boots) Stlth
                                 (no amulet)
HPRegen 0.30/turn                o - ring of willpower
MPRegen 0.10/turn                (no ring)

@: very slow
A: horns 2, retaliatory headbutt
a: no special abilities


You were in an ossuary.
You visited 1 branch of the dungeon, and saw 4 of its levels.
You also visited: Ossuary.

You collected 75 gold pieces.

Inventory:

Hand Weapons
 a - a +0 trident
 r - the +11 sling "Voadwoshu" (weapon) {elec, Will+}
   (You found it on level 3 of the Dungeon)

   Will:      It increases your willpower.
Missiles
 i - 2 boomerangs
Armour
 b - a +0 scale mail (worn)
 c - a +0 buckler (worn)
 j - a +0 pair of gloves (worn)
Jewellery
 n - an amulet of faith
 o - a ring of willpower (left hand)
Scrolls
 e - 2 scrolls of acquirement {unknown}
 f - 8 scrolls of identify {unknown}
 m - a scroll of teleportation {unknown}
 p - a scroll of immolation {unknown}
 s - 2 scrolls of amnesia {unknown}
 u - a scroll of torment {unknown}
 v - a scroll of butterflies {unknown}
 w - a scroll of noise {unknown}
 y - a scroll of fear {unknown}
Potions
 d - a potion of might
 g - a potion of brilliance {unknown}
 h - 6 potions of curing {unknown}
 k - 6 potions of haste {unknown}
 l - 2 potions of degeneration {unknown}
 q - a potion of cancellation {unknown}
 t - a potion of mutation {unknown}
 x - a potion of heal wounds {unknown}
 z - a potion of flight {unknown}


   Skills:
 + Level 6.2 Fighting
 * Level 7.7 Polearms
 - Level 3.6 Armour
 - Level 3.6 Shields


You had 6 spell levels left.
You didn't know any spells.
Your spell library was empty.

Dungeon Overview and Level Annotations

Branches:
Dungeon (4/15)            Ossuary (1/1)
 Temple: D:4-7

Altars:
Dithmenos
Qazlal
Trog


Innate Abilities, Weirdness & Mutations

You have a pair of horns on your head.
You reflexively headbutt those who attack you in melee.


Message History

You are too injured to fight recklessly!
You enter the shallow water.
Moving in this stuff is going to be slow.
A bullfrog zombie comes into view.
You enter the shallow water.
Moving in this stuff is going to be slow.
A wyvern zombie comes into view.
You shoot a sling bullet.
The sling bullet barely misses the bullfrog zombie.
The bullfrog zombie hits you. The bullfrog zombie barely misses you.
You furiously retaliate!
You headbutt the bullfrog zombie. You shoot a sling bullet.
The sling bullet hits the bullfrog zombie!
The bullfrog zombie is heavily damaged.
The bullfrog zombie hits you. x2
You are too injured to fight recklessly!
You shoot a sling bullet.
The sling bullet hits the bullfrog zombie!
Lightning courses through the bullfrog zombie!
You destroy the bullfrog zombie!
The wyvern zombie closely misses you. You furiously retaliate!
You headbutt the wyvern zombie! The bog mummy casts a spell at you.
The puff of frost hits you.
You have reached level 7!
You shoot a sling bullet.
The sling bullet hits the wyvern zombie.
Lightning courses through the wyvern zombie!!
The wyvern zombie is almost destroyed.
The wyvern zombie bites you but does no damage.
The wyvern zombie bites you!
* * * LOW HITPOINT WARNING * * *
The wyvern zombie bites you!
* * * LOW HITPOINT WARNING * * *
You block the bog mummy's attack.
You shoot a sling bullet.
The sling bullet hits the wyvern zombie.
The wyvern zombie is almost destroyed.
The wyvern zombie bites you!
You die...

#.#~~ .~~.# #####
#####.#~# #..∩#
#...#...# ~#
#.∩.###...#.~## ~P.
#...#.#...#~~.#
##~.##'##~##~##~~~#≈#≈#
#P.~~.~.~.~~~~~~~P≈≈≈#
≈≈≈~~~~~.~Z@M~.~.~~~≈≈#
##≈#P~P~.~P~P#.#P~≈≈≈##
# #~~~###~##≈#≈#≈#≈##
#≈#≈ #≈≈≈##≈≈###≈≈ #≈##
###≈≈≈≈#≈# ### ≈#
≈≈≈≈≈### # ## ≈≈≈# ####


You could see a bog mummy and a wyvern zombie.

Vanquished Creatures
  A wyvern zombie (Ossuary)
  3 bullfrog zombies (Ossuary)
  2 orc priests (D:4)
  8 mummies
  5 adders
  An ufetubus (D:3)
  A worm (D:3)
  2 dart slugs
  4 orcs
  5 bats
  8 endoplasms
  4 giant cockroaches
  7 goblins
  8 hobgoblins
  10 jackals (D:1)
  3 quokkas
  6 ball pythons
  4 frilled lizards
  9 kobolds
  3 rats
94 creatures vanquished.

Vanquished Creatures (others)
  6 withered plants (Ossuary)
6 creatures vanquished.

Grand Total: 100 creatures vanquished

Notes
Turn   | Place    | Note
-------+----------+-------------------------------------------
     0 | D:1      | Oxelix the Minotaur Fighter began the quest for the Orb.
     0 | D:1      | Reached XP level 1. HP: 19/19 MP: 0/0
    62 | D:1      | Reached skill level 3 in Polearms
   132 | D:1      | Reached XP level 2. HP: 23/27 MP: 1/1
   329 | D:1      | Reached XP level 3. HP: 33/33 MP: 2/2
   541 | D:1      | Reached skill level 4 in Polearms
   703 | D:1      | Found a faded altar of an unknown god.
  1246 | D:2      | Found a shadowy altar of Dithmenos.
  1270 | D:2      | Reached XP level 4. HP: 41/41 MP: 3/3
  1677 | D:2      | Reached skill level 5 in Polearms
  1753 | D:3      | Found a shadowy altar of Dithmenos.
  1756 | D:3      | Found a stormy altar of Qazlal.
  1838 | D:3      | Identified the +11 sling "Voadwoshu" {elec, Will+}
  1933 | D:3      | Reached XP level 5. HP: 47/47 MP: 4/4
  2112 | D:3      | Found a bloodstained altar of Trog.
  2313 | D:4      | Reached skill level 5 in Fighting
  2330 | D:4      | Reached skill level 6 in Polearms
  2383 | D:4      | Found a sand-covered staircase.
  2390 | Ossuary  | Entered an ossuary
  2412 | Ossuary  | Reached XP level 6. HP: 56/56 MP: 5/5
  2451 | Ossuary  | Reached skill level 7 in Polearms
  2474 | Ossuary  | Reached XP level 7. HP: 26/63 MP: 6/6
  2475 | Ossuary  | Slain by a wyvern zombie

Illustrated notes

Levels and vault maps discovered:
D:1:      lightli_arrival_lavapool, layout_loops_cross,
          shapermc_ecumenical_altar_mp_vishouse, columned_hall_lemuel
D:2:      layout_loops_ring, basic_altar
D:3:      layout_loops_ring, lemuel_tele_altar, nicolae_overflow_squiral
D:4:      layout_basic, kennysheep_little_box, okawaru_altar_gauntlet_db,
          gup_ossuary_entry_pyramid, serial_demonic, serial_demonic_g,
          serial_demonic_g, serial_demonic_a, serial_demonic_e,
          chequers_serial_rivers_small_3, uniq_blork_the_orc, uniq_grinder
Ossuary:  ossuary_zaba_flooded

Skill      XL: |  1  2  3  4  5  6 |
---------------+-------------------+-----
Polearms       | 3 4 5 6 7 |  7.7
Fighting       | 4 5 6 |  6.2
Armour         | |  3.6
Shields        | |  3.6

Action                   |  1- 3 |  4- 6 |  7- 9 || total
-------------------------+-------+-------+-------++-------
Melee: Trident           |   104 |    43 |       ||   147
       Headbutt          |    12 |     4 |       ||    16
 Fire: Sling             |       |    64 |     2 ||    66
Armor: Scale mail        |    31 |    22 |     1 ||    54
Dodge: Dodged            |    34 |    25 |       ||    59
Block: Buckler           |    25 |     9 |     1 ||    35

Table legend: (Time is in decaauts)
 A = Elapsed time spent in this place.
 B = Non-inter-level travel time spent in this place.
 C = Inter-level travel time spent in this place.
 D = Time resting spent in this place.
 E = Time spent auto-exploring this place.
 F = Levels seen in this place.
 G = Mean time per level.
                   A        B        C        D        E       F      G
               +--------+--------+--------+--------+--------+-----+--------+
         Total |   2540 |   2471 |     69 |    150 |   1651 |   5 |  508.0 |
       Dungeon |   2425 |   2356 |     69 |    150 |   1646 |   4 |  606.2 |
       Ossuary |    115 |    115 |      0 |      0 |      5 |   1 |  115.0 |
               +--------+--------+--------+--------+--------+-----+--------+

Top non-repeatable levels by time:
     D:1: 868 daAuts
     D:2: 833 daAuts
     D:3: 612 daAuts
 Ossuary: 115 daAuts
     D:4: 110 daAuts
